Senators vs Wild

Created - 21 décembre 2018 at 23:37

Goals
1 2 3 T
Senators 0 2 0 2
Wild 0 0 0 0
Shots
1 2 3 T
Senators 17 17 10 44
Wild 6 7 3 16

1st period

No Goal

Penalties :
Tyler Bozak (MIN) for Interference (Minor) at 10:19

2nd period

1. Senators , Mark Stone 18 (Mike Hoffman 26, Jakob Chychrun 9) at 2:22 (PP)
2. Senators , Brayden Schenn 7 (Gustav Nyquist 9, Adam Larsson 9) at 7:10 (PP)

Penalties :
Josh Gorges (MIN) for Interference (Minor) at 0:55, James Reimer (MIN) for Slashing (Minor) at 6:31 - Adam Cracknell served the penalty., Adam Cracknell (MIN) for High sticking (Minor) at 10:24

3rd period

No Goal

Penalties :
Trevor Lewis (MIN) for Tripping (Minor) at 4:08, Henrik Sedin (MIN) for Slashing (Minor) at 10:36

Goalie Stats

Cam Talbot (OTT), 16 saves from 16 shots - (1.000), W, 8-5-2, 60:00 minutes
James Reimer (MIN), 42 saves from 44 shots - (0.955), L, 6-16-7, 60:00 minutes

Players Stats for Senators

Player Name              G  A  P  +/- PIM S  H  SB GA TA FO     MP     PP MP  PK MP  
------------------------------------------------------------------------------------
Adam Larsson             0  1  1   0  0   3  4  1  0  0  0/0    21:52   5:58   0:00 
Ben Harpur               0  0  0   0  0   0  0  1  0  0  0/0    14:58   0:33   0:00 
Brayden Schenn           1  0  1   0  0   5  1  0  0  0  15/25  16:58   6:14   0:00 
Brian Gionta             0  0  0   0  0   0  3  0  0  0  1/1    12:34   0:00   0:00 
Daniel Winnik            0  0  0   0  0   0  0  0  0  0  0/0     8:29   0:00   0:00 
Danny DeKeyser           0  0  0   0  0   0  1  1  0  0  0/0    21:52   5:58   0:00 
Eric Staal               0  0  0   0  0   10 4  0  0  0  16/28  21:26   3:15   0:00 
Gustav Nyquist           0  1  1   0  0   3  0  0  0  0  1/2    18:34   6:14   0:00 
Jakob Chychrun           0  1  1   0  0   2  5  0  0  0  0/0    23:10   3:31   0:00 
Jaromir Jagr             0  0  0   0  0   1  1  0  0  0  0/0    12:48   1:06   0:00 
Jason Chimera            0  0  0   0  0   1  3  0  0  0  0/0     9:14   0:33   0:00 
Kevin Bieksa             0  0  0   0  0   1  2  0  0  0  0/0    18:29   4:04   0:00 
Mark Stone               1  0  1   0  0   6  2  1  0  0  1/1    21:26   3:15   0:00 
Matt Stajan              0  0  0   0  0   1  1  0  0  0  3/6     9:02   0:33   0:00 
Mike Hoffman             0  1  1   0  0   0  0  0  0  0  0/1    11:10   1:29   0:00 
Niklas Hjalmarsson       0  0  0   0  0   1  0  1  0  0  0/0    19:39   0:00   0:00 
Patrick Kane             0  0  0   0  0   3  0  0  0  0  0/1    23:13   4:55   0:00 
Valtteri Filppula        0  0  0   0  0   7  0  0  0  0  14/20  15:06   2:32   0:00 

Players Stats for Wild

Player Name              G  A  P  +/- PIM S  H  SB GA TA FO     MP     PP MP  PK MP  
------------------------------------------------------------------------------------
Adam Cracknell           0  0  0   0  2   2  2  2  0  0  0/1    14:52   0:00   0:38 
Christian Dvorak         0  0  0   0  0   4  2  0  0  0  8/18   21:08   0:00   5:38 
Christian Fischer        0  0  0   0  0   0  1  0  0  0  1/2     2:28   0:00   0:00 
Christian Folin          0  0  0   0  0   0  3  4  0  0  0/0    15:51   0:00   1:02 
Derick Brassard          0  0  0   0  0   0  1  0  0  0  15/36  24:45   0:00   6:04 
Henrik Sedin             0  0  0   0  2   2  1  0  0  0  2/6    19:39   0:00   2:14 
Ian Cole                 0  0  0   0  0   0  1  2  0  0  0/0    19:34   0:00   4:10 
Jacob Josefson           0  0  0   0  0   0  0  0  0  0  1/1     1:15   0:00   0:00 
Jason Pominville         0  0  0   0  0   2  0  0  0  0  0/2    17:28   0:00   2:37 
Jason Spezza             0  0  0   0  0   2  0  0  0  0  0/2    15:38   0:00   0:08 
Josh Gorges              0  0  0   0  2   0  4  0  0  0  0/0    18:28   0:00   3:05 
Luke Schenn              0  0  0   0  0   1  6  1  0  0  0/0    24:21   0:00   4:36 
Marc-Edouard Vlasic      0  0  0   0  0   0  1  0  0  0  0/0    24:35   0:00   4:50 
Patrik Nemeth            0  0  0   0  0   0  0  1  0  0  0/0    17:10   0:00   2:21 
Ryan Callahan            0  0  0   0  0   0  0  0  0  0  0/1     5:22   0:00   0:00 
Tanner Pearson           0  0  0   0  0   2  3  0  0  0  0/0    15:20   0:00   0:29 
Trevor Lewis             0  0  0   0  2   1  5  0  0  0  0/0    15:29   0:00   0:00 
Tyler Bozak              0  0  0   0  2   0  1  0  0  0  7/16   16:30   0:00   2:16 

3 Stars

1 - James Reimer (MIN)
2 - Cam Talbot (OTT)
3 - Mark Stone (OTT)

Power Play

Senators - 2 on 6 Attempt(s) - 33.33%
Wild - 0 on 0 Attempt(s) - 0.00%

Penalty Kill

Senators - 0 on 0 Attempt(s) - 0.00% - Score 0 goal in Penalty Kill
Wild - 4 on 6 Attempt(s) - 66.67% - Score 0 goal in Penalty Kill

Team Stat

Senators - Hits : 27 - Faceoff Wins : 51 - Blocked Shots : 5 - Penalty Minutes : 0
Wild - Hits : 31 - Faceoff Wins : 34 - Blocked Shots : 10 - Penalty Minutes : 12

Official

Referees : Ian Walsh and Jean Hebert
Linesman : Michel Cormier and Bryan Pancich

Game Notes

Mike Hoffman is injured at 10:26 of 2nd period (Right Knee)

Finance

Level 1 -- Attendance: 6086 (93.63%) -- Ticket Income 669 460 $
Level 2 -- Attendance: 4901 (98.02%) -- Ticket Income 367 575 $
Level 3 -- Attendance: 2876 (82.17%) -- Ticket Income 161 056 $
Level 4 -- Attendance: 1954 (100.00%) -- Ticket Income 78 160 $
Luxury Box -- Attendance: 935 (93.50%) -- Ticket Income 186 065 $
Game was played at the Xcel Energy Center.
Total Attendance: 16752 (93.31%)
Total Ticket Income: 1 462 316 $
Other Income: 716 535 $
Total Income: 2 178 851 $

% Time on Ice - Senators

Lines # - Real PCT - Wanted PCT - Time Play
Normal Forward
1 - 36% - 40% - 18:11
2 - 21% - 30% - 10:44
3 - 25% - 20% - 12:34
4 - 17% - 10% - 8:29
Normal Defense
1 - 39% - 40% - 19:39
2 - 32% - 30% - 15:54
3 - 20% - 20% - 10:03
4 - 9% - 10% - 4:22
PP Forward
1 - 43% - 60% - 4:21
2 - 57% - 40% - 5:41
PP Defense
1 - 59% - 60% - 5:58
2 - 41% - 40% - 4:04
PK Forward
1 - 0% - 60%
2 - 0% - 40%
PK Defense
1 - 0% - 60%
2 - 0% - 40%
PK3 Forward
1 - 0% - 60%
2 - 0% - 40%
PK3 Defense
1 - 0% - 60%
2 - 0% - 40%
44 Forward
1 - 0% - 60%
2 - 0% - 40%
44 Defense
1 - 0% - 60%
2 - 0% - 40%
Last Minute Offensive  - 0:00
Last Minute Defensive  - 0:00
Total
Forward - 60:00
Defense - 60:00

% Time on Ice - Wild

Lines # - Real PCT - Wanted PCT - Time Play
Normal Forward
1 - 30% - 40% - 14:51
2 - 31% - 30% - 15:30
3 - 29% - 20% - 14:15
4 - 11% - 10% - 5:22
Normal Defense
1 - 35% - 40% - 17:28
2 - 31% - 30% - 15:24
3 - 30% - 20% - 14:49
4 - 5% - 10% - 2:17
PP Forward
1 - 0% - 60%
2 - 0% - 40%
PP Defense
1 - 0% - 60%
2 - 0% - 40%
PK Forward
1 - 70% - 60% - 7:04
2 - 30% - 40% - 2:58
PK Defense
1 - 59% - 60% - 5:56
2 - 41% - 40% - 4:06
PK3 Forward
1 - 0% - 60%
2 - 0% - 40%
PK3 Defense
1 - 0% - 60%
2 - 0% - 40%
44 Forward
1 - 0% - 60%
2 - 0% - 40%
44 Defense
1 - 0% - 60%
2 - 0% - 40%
Last Minute Offensive  - 0:00
Last Minute Defensive  - 0:00
Total
Forward - 60:00
Defense - 60:00

Play-by-Play

1st period


0:01 of 1st period - Eric Staal wins face-off versus Derick Brassard in neutral zone.
0:19 of 1st period - Shot by Derick Brassard.
0:19 of 1st period - Deflect By Tanner Pearson.
0:19 of 1st period - Stopped by Cam Talbot without a rebound.
0:20 of 1st period - Brayden Schenn wins face-off versus Christian Dvorak in Senators zone.
0:20 of 1st period - Brayden Schenn is hit by Christian Dvorak.
0:26 of 1st period - Shot by Gustav Nyquist.
0:26 of 1st period - Stopped by James Reimer without a rebound.
0:27 of 1st period - Valtteri Filppula wins face-off versus Henrik Sedin in Wild zone.
0:58 of 1st period - Shot by Kevin Bieksa.
0:58 of 1st period - Shot Blocked by Christian Folin.
1:00 of 1st period - Shot by Valtteri Filppula.
1:00 of 1st period - Stopped by James Reimer without a rebound.
1:01 of 1st period - Christian Dvorak wins face-off versus Brayden Schenn in Wild zone.
1:06 of 1st period - Icing by Josh Gorges.
1:07 of 1st period - Gustav Nyquist wins face-off versus Christian Dvorak in Wild zone.
1:14 of 1st period - Shot by Brayden Schenn.
1:14 of 1st period - Stopped by James Reimer without a rebound.
1:15 of 1st period - Eric Staal wins face-off versus Derick Brassard in Wild zone.
1:20 of 1st period - Shot by Mike Hoffman.
1:20 of 1st period - Shot Misses the Net.
3:34 of 1st period - Shot by Matt Stajan.
3:34 of 1st period - Deflect By Jason Chimera.
3:34 of 1st period - Stopped by James Reimer without a rebound.
3:35 of 1st period - Tyler Bozak wins face-off versus Valtteri Filppula in Wild zone.
3:50 of 1st period - Shot by Brian Gionta.
3:50 of 1st period - Shot Misses the Net.
4:38 of 1st period - Tanner Pearson is hit by Adam Larsson and loses puck.
4:46 of 1st period - Mark Stone is hit by Luke Schenn and loses puck.
4:56 of 1st period - Icing by Marc-Edouard Vlasic.
4:57 of 1st period - Brayden Schenn wins face-off versus Derick Brassard in Wild zone.
5:19 of 1st period - Icing by Kevin Bieksa.
5:20 of 1st period - Brayden Schenn wins face-off versus Tyler Bozak in Senators zone.
5:20 of 1st period - Gustav Nyquist is hit by Adam Cracknell and loses puck.
5:33 of 1st period - Shot by Brayden Schenn.
5:33 of 1st period - Shot Misses the Net.
5:35 of 1st period - Shot by Brayden Schenn.
5:35 of 1st period - Stopped by James Reimer with a rebound.
5:50 of 1st period - Icing by Kevin Bieksa.
5:51 of 1st period - Christian Dvorak wins face-off versus Brayden Schenn in Senators zone.
5:52 of 1st period - Shot by Trevor Lewis.
5:52 of 1st period - Shot Blocked by Ben Harpur.
5:54 of 1st period - Shot by Jason Spezza.
5:54 of 1st period - Stopped by Cam Talbot without a rebound.
5:55 of 1st period - Christian Dvorak wins face-off versus Eric Staal in Senators zone.
5:55 of 1st period - Christian Dvorak is hit by Jakob Chychrun.
6:14 of 1st period - Jason Spezza is hit by Jakob Chychrun and loses puck.
7:44 of 1st period - Patrick Kane is hit by Ian Cole and loses puck.
8:02 of 1st period - Brayden Schenn is hit by Josh Gorges and loses puck.
8:32 of 1st period - Icing by Jakob Chychrun.
8:33 of 1st period - Brian Gionta wins face-off versus Christian Fischer in Senators zone.
8:46 of 1st period - Brian Gionta is hit by Christian Fischer and loses puck.
8:59 of 1st period - Tanner Pearson is hit by Jaromir Jagr and loses puck.
9:07 of 1st period - Christian Folin is hit by Jakob Chychrun and loses puck.
9:54 of 1st period - Shot by Mark Stone.
9:54 of 1st period - Shot Misses the Net.
9:56 of 1st period - Shot by Mark Stone.
9:56 of 1st period - Deflect By Eric Staal.
9:56 of 1st period - Stopped by James Reimer with a rebound.
10:19 of 1st period - Minor Penalty to Tyler Bozak for Interference.
10:20 of 1st period - Derick Brassard wins face-off versus Brayden Schenn in Wild zone.
10:20 of 1st period - Derick Brassard is hit by Brayden Schenn.
10:38 of 1st period - Shot by Gustav Nyquist.
10:38 of 1st period - Stopped by James Reimer without a rebound.
10:39 of 1st period - Brayden Schenn wins face-off versus Derick Brassard in Wild zone.
10:42 of 1st period - Shot by Patrick Kane.
10:42 of 1st period - Stopped by James Reimer with a rebound.
10:44 of 1st period - Shot by Gustav Nyquist.
10:44 of 1st period - Shot Misses the Net.
10:46 of 1st period - Shot by Danny DeKeyser.
10:46 of 1st period - Shot Blocked by Ian Cole.
11:08 of 1st period - Shot by Brayden Schenn.
11:08 of 1st period - Stopped by James Reimer without a rebound.
11:09 of 1st period - Eric Staal wins face-off versus Jason Pominville in Wild zone.
11:29 of 1st period - Marc-Edouard Vlasic is hit by Mark Stone.
12:39 of 1st period - Icing by Jason Chimera.
12:40 of 1st period - Matt Stajan wins face-off versus Christian Dvorak in Senators zone.
12:47 of 1st period - Marc-Edouard Vlasic is hit by Matt Stajan and loses puck.
13:00 of 1st period - Shot by Christian Dvorak.
13:00 of 1st period - Stopped by Cam Talbot without a rebound.
13:01 of 1st period - Brayden Schenn wins face-off versus Derick Brassard in Senators zone.
13:03 of 1st period - Adam Larsson is hit by Tanner Pearson and loses puck.
13:14 of 1st period - Shot by Tanner Pearson.
13:14 of 1st period - Shot Blocked by Adam Larsson.
13:56 of 1st period - Shot by Eric Staal.
13:56 of 1st period - Stopped by James Reimer with a rebound.
13:58 of 1st period - Shot by Mark Stone.
13:58 of 1st period - Shot Blocked by Christian Folin.
14:02 of 1st period - Shot by Mark Stone.
14:02 of 1st period - Shot Misses the Net.
14:04 of 1st period - Shot by Niklas Hjalmarsson.
14:04 of 1st period - Shot Misses the Net.
14:08 of 1st period - Shot by Mark Stone.
14:08 of 1st period - Deflect By Eric Staal.
14:08 of 1st period - Stopped by James Reimer without a rebound.
14:09 of 1st period - Valtteri Filppula wins face-off versus Christian Dvorak in Wild zone.
14:29 of 1st period - Christian Dvorak is hit by Kevin Bieksa.
15:02 of 1st period - Shot by Mark Stone.
15:02 of 1st period - Stopped by James Reimer with a rebound.
15:04 of 1st period - Shot by Jakob Chychrun.
15:04 of 1st period - Stopped by James Reimer without a rebound.
15:05 of 1st period - Brayden Schenn wins face-off versus Tyler Bozak in Wild zone.
15:05 of 1st period - Brayden Schenn is hit by Josh Gorges.
15:20 of 1st period - Shot by Ian Cole.
15:20 of 1st period - Shot Misses the Net.
15:38 of 1st period - Shot by Adam Cracknell.
15:38 of 1st period - Stopped by Cam Talbot without a rebound.
15:39 of 1st period - Eric Staal wins face-off versus Derick Brassard in Senators zone.
16:31 of 1st period - Kevin Bieksa is hit by Tanner Pearson and loses puck.
16:44 of 1st period - Shot by Valtteri Filppula.
16:44 of 1st period - Shot Blocked by Christian Folin.
16:46 of 1st period - Shot by Jaromir Jagr.
16:46 of 1st period - Stopped by James Reimer without a rebound.
16:47 of 1st period - Christian Dvorak wins face-off versus Brayden Schenn in Wild zone.
16:53 of 1st period - Trevor Lewis is hit by Adam Larsson and loses puck.
17:08 of 1st period - Shot by Christian Dvorak.
17:08 of 1st period - Stopped by Cam Talbot without a rebound.
17:09 of 1st period - Valtteri Filppula wins face-off versus Tyler Bozak in Senators zone.
17:28 of 1st period - Shot by Valtteri Filppula.
17:28 of 1st period - Stopped by James Reimer with a rebound.
17:42 of 1st period - Shot by Valtteri Filppula.
17:42 of 1st period - Shot Misses the Net.
17:44 of 1st period - Shot by Valtteri Filppula.
17:44 of 1st period - Stopped by James Reimer with a rebound.
17:46 of 1st period - Shot by Kevin Bieksa.
17:46 of 1st period - Stopped by James Reimer without a rebound.
17:47 of 1st period - Christian Dvorak wins face-off versus Eric Staal in Wild zone.
18:06 of 1st period - Shot by Christian Dvorak.
18:06 of 1st period - Shot Misses the Net.
18:08 of 1st period - Shot by Luke Schenn.
18:08 of 1st period - Stopped by Cam Talbot without a rebound.
18:09 of 1st period - Henrik Sedin wins face-off versus Brayden Schenn in Senators zone.
18:26 of 1st period - Icing by Marc-Edouard Vlasic.
18:27 of 1st period - Henrik Sedin wins face-off versus Eric Staal in Wild zone.
18:27 of 1st period - Derick Brassard is hit by Mark Stone and loses puck.
18:35 of 1st period - Marc-Edouard Vlasic is hit by Eric Staal and loses puck.
18:53 of 1st period - Mike Hoffman is hit by Luke Schenn and loses puck.
19:17 of 1st period - Icing by Marc-Edouard Vlasic.
19:18 of 1st period - Brayden Schenn wins face-off versus Ryan Callahan in Wild zone.
19:26 of 1st period - Patrick Kane is hit by Luke Schenn and loses puck.
Goals for this period are 0 for Senators vs 0 for Wild.
Shots for this period are 17 for Senators vs 6 for Wild.

2nd period


0:01 of 2nd period - Derick Brassard wins face-off versus Mike Hoffman in neutral zone.
0:14 of 2nd period - Shot by Mark Stone.
0:14 of 2nd period - Stopped by James Reimer with a rebound.
0:16 of 2nd period - Shot by Niklas Hjalmarsson.
0:16 of 2nd period - Shot Misses the Net.
0:18 of 2nd period - Shot by Niklas Hjalmarsson.
0:18 of 2nd period - Shot Misses the Net.
0:20 of 2nd period - Shot by Eric Staal.
0:20 of 2nd period - Stopped by James Reimer without a rebound.
0:21 of 2nd period - Christian Dvorak wins face-off versus Brayden Schenn in Wild zone.
0:42 of 2nd period - Shot by Christian Dvorak.
0:42 of 2nd period - Stopped by Cam Talbot without a rebound.
0:43 of 2nd period - Eric Staal wins face-off versus Jason Pominville in Senators zone.
0:50 of 2nd period - Shot by Mark Stone.
0:50 of 2nd period - Shot Misses the Net.
0:54 of 2nd period - Shot by Eric Staal.
0:54 of 2nd period - Shot Misses the Net.
0:55 of 2nd period - Minor Penalty to Josh Gorges for Interference.
0:56 of 2nd period - Derick Brassard wins face-off versus Gustav Nyquist in Wild zone.
1:58 of 2nd period - Icing by Mark Stone.
1:59 of 2nd period - Derick Brassard wins face-off versus Eric Staal in Senators zone.
2:06 of 2nd period - Shot by Christian Dvorak.
2:06 of 2nd period - Shot Misses the Net.
2:22 of 2nd period - Shot by Mark Stone.
2:22 of 2nd period - Goal by Mark Stone - Senators : 1 - Wild : 0.
2:23 of 2nd period - Tyler Bozak wins face-off versus Valtteri Filppula in neutral zone.
2:54 of 2nd period - Shot by Brian Gionta.
2:54 of 2nd period - Shot Blocked by Luke Schenn.
2:56 of 2nd period - Shot by Niklas Hjalmarsson.
2:56 of 2nd period - Stopped by James Reimer without a rebound.
2:57 of 2nd period - Derick Brassard wins face-off versus Eric Staal in Wild zone.
2:57 of 2nd period - Derick Brassard is hit by Eric Staal.
5:01 of 2nd period - Daniel Winnik is hit by Trevor Lewis and loses puck.
5:16 of 2nd period - Adam Larsson is hit by Christian Dvorak and loses puck.
5:24 of 2nd period - Icing by Adam Larsson.
5:25 of 2nd period - Valtteri Filppula wins face-off versus Henrik Sedin in Senators zone.
5:30 of 2nd period - Shot by Adam Cracknell.
5:30 of 2nd period - Shot Misses the Net.
5:32 of 2nd period - Shot by Henrik Sedin.
5:32 of 2nd period - Stopped by Cam Talbot without a rebound.
5:33 of 2nd period - Tyler Bozak wins face-off versus Eric Staal in Senators zone.
6:29 of 2nd period - Shot by Brayden Schenn.
6:29 of 2nd period - Shot Blocked by Christian Folin.
6:31 of 2nd period - Shot by Patrick Kane.
6:31 of 2nd period - Stopped by James Reimer without a rebound.
6:31 of 2nd period - Minor Penalty to James Reimer for Slashing.
6:32 of 2nd period - Derick Brassard wins face-off versus Brayden Schenn in Wild zone.
6:41 of 2nd period - Shot by Gustav Nyquist.
6:41 of 2nd period - Shot Blocked by Ian Cole.
6:43 of 2nd period - Shot by Adam Larsson.
6:43 of 2nd period - Stopped by James Reimer without a rebound.
6:44 of 2nd period - Brayden Schenn wins face-off versus Christian Dvorak in Wild zone.
6:45 of 2nd period - Shot by Adam Larsson.
6:45 of 2nd period - Stopped by James Reimer without a rebound.
6:46 of 2nd period - Brayden Schenn wins face-off versus Derick Brassard in Wild zone.
7:10 of 2nd period - Shot by Gustav Nyquist.
7:10 of 2nd period - Deflect By Brayden Schenn.
7:10 of 2nd period - Goal by Brayden Schenn - Senators : 2 - Wild : 0.
7:11 of 2nd period - Derick Brassard wins face-off versus Eric Staal in neutral zone.
7:18 of 2nd period - Shot by Jason Pominville.
7:18 of 2nd period - Stopped by Cam Talbot without a rebound.
7:19 of 2nd period - Eric Staal wins face-off versus Tyler Bozak in Senators zone.
7:19 of 2nd period - Eric Staal is hit by Adam Cracknell.
7:40 of 2nd period - Mark Stone is hit by Josh Gorges and loses puck.
7:49 of 2nd period - Shot by Eric Staal.
7:49 of 2nd period - Shot Blocked by Adam Cracknell.
7:53 of 2nd period - Shot by Eric Staal.
7:53 of 2nd period - Stopped by James Reimer without a rebound.
7:54 of 2nd period - Brayden Schenn wins face-off versus Derick Brassard in Wild zone.
8:05 of 2nd period - Shot by Patrick Kane.
8:05 of 2nd period - Shot Misses the Net.
8:08 of 2nd period - Icing by Marc-Edouard Vlasic.
8:09 of 2nd period - Derick Brassard wins face-off versus Valtteri Filppula in Wild zone.
8:11 of 2nd period - Icing by Jason Pominville.
8:12 of 2nd period - Brayden Schenn wins face-off versus Derick Brassard in Wild zone.
8:21 of 2nd period - Shot by Jason Pominville.
8:21 of 2nd period - Shot Misses the Net.
8:23 of 2nd period - Shot by Marc-Edouard Vlasic.
8:23 of 2nd period - Shot Misses the Net.
8:25 of 2nd period - Shot by Tanner Pearson.
8:25 of 2nd period - Deflect By Jason Pominville.
8:25 of 2nd period - Stopped by Cam Talbot without a rebound.
8:26 of 2nd period - Mark Stone wins face-off versus Jason Spezza in Senators zone.
8:26 of 2nd period - Mark Stone is hit by Trevor Lewis.
8:35 of 2nd period - Icing by Josh Gorges.
8:36 of 2nd period - Christian Dvorak wins face-off versus Brayden Schenn in Wild zone.
10:22 of 2nd period - Icing by Mark Stone.
10:23 of 2nd period - Eric Staal wins face-off versus Tyler Bozak in Senators zone.
10:23 of 2nd period - Mark Stone is hit by Henrik Sedin and loses puck.
10:24 of 2nd period - Minor Penalty to Adam Cracknell for High sticking.
10:25 of 2nd period - Eric Staal wins face-off versus Derick Brassard in Wild zone.
10:25 of 2nd period - Mike Hoffman is hit by Josh Gorges.
10:26 of 2nd period - Mike Hoffman from Senators is injured at 10:26 of 2nd period (Right Knee).
10:27 of 2nd period - Valtteri Filppula wins face-off versus Derick Brassard in Wild zone.
10:32 of 2nd period - Shot by Eric Staal.
10:32 of 2nd period - Shot Misses the Net.
10:34 of 2nd period - Shot by Jakob Chychrun.
10:34 of 2nd period - Stopped by James Reimer without a rebound.
10:35 of 2nd period - Brayden Schenn wins face-off versus Derick Brassard in Wild zone.
10:50 of 2nd period - Shot by Patrick Kane.
10:50 of 2nd period - Deflect By Brayden Schenn.
10:50 of 2nd period - Stopped by James Reimer with a rebound.
11:10 of 2nd period - Shot by Adam Larsson.
11:10 of 2nd period - Stopped by James Reimer without a rebound.
11:11 of 2nd period - Tyler Bozak wins face-off versus Eric Staal in Wild zone.
11:11 of 2nd period - Marc-Edouard Vlasic is hit by Eric Staal and loses puck.
11:21 of 2nd period - Valtteri Filppula is hit by Luke Schenn and loses puck.
11:30 of 2nd period - Shot by Eric Staal.
11:30 of 2nd period - Shot Misses the Net.
11:38 of 2nd period - Shot by Eric Staal.
11:38 of 2nd period - Stopped by James Reimer with a rebound.
11:40 of 2nd period - Shot by Eric Staal.
11:40 of 2nd period - Stopped by James Reimer without a rebound.
11:41 of 2nd period - Derick Brassard wins face-off versus Patrick Kane in Wild zone.
12:49 of 2nd period - Tyler Bozak is hit by Jason Chimera and loses puck.
13:15 of 2nd period - Icing by Henrik Sedin.
13:16 of 2nd period - Tyler Bozak wins face-off versus Valtteri Filppula in Wild zone.
13:37 of 2nd period - Shot by Valtteri Filppula.
13:37 of 2nd period - Stopped by James Reimer without a rebound.
13:38 of 2nd period - Eric Staal wins face-off versus Christian Dvorak in Wild zone.
13:39 of 2nd period - Shot by Mark Stone.
13:39 of 2nd period - Shot Misses the Net.
14:09 of 2nd period - Shot by Mark Stone.
14:09 of 2nd period - Stopped by James Reimer without a rebound.
14:10 of 2nd period - Valtteri Filppula wins face-off versus Derick Brassard in Wild zone.
14:22 of 2nd period - Off-side.
14:23 of 2nd period - Derick Brassard wins face-off versus Matt Stajan in neutral zone.
14:23 of 2nd period - Derick Brassard is hit by Jason Chimera.
14:34 of 2nd period - Derick Brassard is hit by Kevin Bieksa and loses puck.
14:43 of 2nd period - Shot by Matt Stajan.
14:43 of 2nd period - Stopped by James Reimer without a rebound.
14:44 of 2nd period - Christian Dvorak wins face-off versus Eric Staal in Wild zone.
15:28 of 2nd period - Off-side.
15:29 of 2nd period - Valtteri Filppula wins face-off versus Derick Brassard in neutral zone.
16:51 of 2nd period - Shot by Henrik Sedin.
16:51 of 2nd period - Shot Misses the Net.
17:18 of 2nd period - Tyler Bozak is hit by Jakob Chychrun and loses puck.
17:42 of 2nd period - Shot by Jason Spezza.
17:42 of 2nd period - Stopped by Cam Talbot without a rebound.
17:43 of 2nd period - Valtteri Filppula wins face-off versus Christian Dvorak in Senators zone.
18:10 of 2nd period - Shot by Christian Dvorak.
18:10 of 2nd period - Shot Blocked by Danny DeKeyser.
18:30 of 2nd period - Shot by Henrik Sedin.
18:30 of 2nd period - Stopped by Cam Talbot with a rebound.
19:10 of 2nd period - Shot by Tyler Bozak.
19:10 of 2nd period - Shot Misses the Net.
19:14 of 2nd period - Shot by Adam Cracknell.
19:14 of 2nd period - Stopped by Cam Talbot without a rebound.
19:15 of 2nd period - Derick Brassard wins face-off versus Brayden Schenn in Senators zone.
19:46 of 2nd period - Shot by Gustav Nyquist.
19:46 of 2nd period - Shot Misses the Net.
Goals for this period are 2 for Senators vs 0 for Wild.
Shots for this period are 17 for Senators vs 7 for Wild.

3rd period


0:01 of 3rd period - Derick Brassard wins face-off versus Eric Staal in neutral zone.
0:05 of 3rd period - Off-side.
0:06 of 3rd period - Eric Staal wins face-off versus Derick Brassard in neutral zone.
0:24 of 3rd period - Icing by Luke Schenn.
0:25 of 3rd period - Valtteri Filppula wins face-off versus Derick Brassard in Wild zone.
0:41 of 3rd period - Brian Gionta is hit by Marc-Edouard Vlasic.
0:50 of 3rd period - Valtteri Filppula is hit by Luke Schenn and loses puck.
1:21 of 3rd period - Adam Larsson is hit by Trevor Lewis.
1:22 of 3rd period - Icing by Adam Larsson.
1:23 of 3rd period - Valtteri Filppula wins face-off versus Henrik Sedin in Senators zone.
1:27 of 3rd period - Adam Larsson is hit by Christian Folin and loses puck.
1:51 of 3rd period - Shot by Tyler Bozak.
1:51 of 3rd period - Shot Hit the Post.
2:30 of 3rd period - Jakob Chychrun is hit by Tyler Bozak and loses puck.
4:08 of 3rd period - Minor Penalty to Trevor Lewis for Tripping.
4:09 of 3rd period - Derick Brassard wins face-off versus Brayden Schenn in Wild zone.
4:32 of 3rd period - Shot by Gustav Nyquist.
4:32 of 3rd period - Shot Misses the Net.
5:21 of 3rd period - Shot by Jason Chimera.
5:21 of 3rd period - Shot Misses the Net.
6:00 of 3rd period - Off-side.
6:01 of 3rd period - Eric Staal wins face-off versus Derick Brassard in neutral zone.
6:18 of 3rd period - Shot by Eric Staal.
6:18 of 3rd period - Stopped by James Reimer without a rebound.
6:19 of 3rd period - Tyler Bozak wins face-off versus Valtteri Filppula in Wild zone.
6:27 of 3rd period - Icing by Valtteri Filppula.
6:28 of 3rd period - Valtteri Filppula wins face-off versus Derick Brassard in Senators zone.
6:30 of 3rd period - Icing by Patrick Kane.
6:31 of 3rd period - Valtteri Filppula wins face-off versus Christian Dvorak in Senators zone.
6:38 of 3rd period - Patrik Nemeth is hit by Brian Gionta and loses puck.
6:49 of 3rd period - Trevor Lewis is hit by Brian Gionta and loses puck.
6:56 of 3rd period - Shot by Valtteri Filppula.
6:56 of 3rd period - Stopped by James Reimer with a rebound.
6:58 of 3rd period - Shot by Valtteri Filppula.
6:58 of 3rd period - Shot Blocked by Patrik Nemeth.
7:34 of 3rd period - Shot by Mark Stone.
7:34 of 3rd period - Stopped by James Reimer without a rebound.
7:35 of 3rd period - Matt Stajan wins face-off versus Tyler Bozak in Wild zone.
7:36 of 3rd period - Shot by Jason Chimera.
7:36 of 3rd period - Shot Blocked by Adam Cracknell.
8:20 of 3rd period - Henrik Sedin is hit by Adam Larsson.
8:23 of 3rd period - Icing by Adam Larsson.
8:24 of 3rd period - Derick Brassard wins face-off versus Eric Staal in Senators zone.
8:24 of 3rd period - Derick Brassard is hit by Adam Larsson.
8:28 of 3rd period - Shot by Jason Pominville.
8:28 of 3rd period - Deflect By Tanner Pearson.
8:28 of 3rd period - Shot Misses the Net.
8:50 of 3rd period - Tanner Pearson is hit by Danny DeKeyser and loses puck.
8:57 of 3rd period - Danny DeKeyser is hit by Tanner Pearson and loses puck.
9:17 of 3rd period - Off-side.
9:18 of 3rd period - Valtteri Filppula wins face-off versus Christian Dvorak in neutral zone.
9:18 of 3rd period - Jaromir Jagr is hit by Trevor Lewis and loses puck.
9:25 of 3rd period - Valtteri Filppula is hit by Trevor Lewis and loses puck.
9:32 of 3rd period - Shot by Christian Dvorak.
9:32 of 3rd period - Stopped by Cam Talbot with a rebound.
9:34 of 3rd period - Shot by Trevor Lewis.
9:34 of 3rd period - Shot Blocked by Niklas Hjalmarsson.
9:44 of 3rd period - Shot by Jason Spezza.
9:44 of 3rd period - Shot Misses the Net.
9:46 of 3rd period - Shot by Trevor Lewis.
9:46 of 3rd period - Stopped by Cam Talbot without a rebound.
9:47 of 3rd period - Tyler Bozak wins face-off versus Matt Stajan in Senators zone.
10:18 of 3rd period - Ian Cole is hit by Jason Chimera.
10:36 of 3rd period - Minor Penalty to Henrik Sedin for Slashing.
10:37 of 3rd period - Derick Brassard wins face-off versus Eric Staal in Wild zone.
10:50 of 3rd period - Shot by Eric Staal.
10:50 of 3rd period - Stopped by James Reimer with a rebound.
10:59 of 3rd period - Icing by Eric Staal.
11:00 of 3rd period - Eric Staal wins face-off versus Derick Brassard in Senators zone.
11:00 of 3rd period - Eric Staal is hit by Derick Brassard.
11:12 of 3rd period - Shot by Danny DeKeyser.
11:12 of 3rd period - Shot Misses the Net.
11:51 of 3rd period - Icing by Gustav Nyquist.
11:52 of 3rd period - Brayden Schenn wins face-off versus Tyler Bozak in Senators zone.
13:51 of 3rd period - Ryan Callahan is hit by Brian Gionta and loses puck.
14:30 of 3rd period - Icing by Ryan Callahan.
14:31 of 3rd period - Matt Stajan wins face-off versus Henrik Sedin in Wild zone.
15:44 of 3rd period - Josh Gorges is hit by Eric Staal and loses puck.
15:49 of 3rd period - Shot by Mark Stone.
15:49 of 3rd period - Stopped by James Reimer with a rebound.
16:02 of 3rd period - Shot by Christian Fischer.
16:02 of 3rd period - Shot Blocked by Mark Stone.
16:04 of 3rd period - Shot by Adam Cracknell.
16:04 of 3rd period - Shot Misses the Net.
16:57 of 3rd period - Icing by Kevin Bieksa.
16:58 of 3rd period - Christian Fischer wins face-off versus Valtteri Filppula in Senators zone.
17:33 of 3rd period - Shot by Patrick Kane.
17:33 of 3rd period - Stopped by James Reimer without a rebound.
17:34 of 3rd period - Eric Staal wins face-off versus Tyler Bozak in Wild zone.
17:53 of 3rd period - Shot by Eric Staal.
17:53 of 3rd period - Stopped by James Reimer without a rebound.
17:54 of 3rd period - Jacob Josefson wins face-off versus Matt Stajan in Wild zone.
18:00 of 3rd period - Tanner Pearson is hit by Jakob Chychrun.
18:02 of 3rd period - Shot by Jason Pominville.
18:02 of 3rd period - Deflect By Tanner Pearson.
18:02 of 3rd period - Stopped by Cam Talbot without a rebound.
18:03 of 3rd period - Brayden Schenn wins face-off versus Jason Spezza in Senators zone.
18:07 of 3rd period - Brayden Schenn is hit by Christian Folin and loses puck.
18:35 of 3rd period - Off-side.
18:36 of 3rd period - Eric Staal wins face-off versus Derick Brassard in neutral zone.
18:42 of 3rd period - Off-side.
18:43 of 3rd period - Eric Staal wins face-off versus Tyler Bozak in neutral zone.
18:53 of 3rd period - Icing by Marc-Edouard Vlasic.
18:54 of 3rd period - Valtteri Filppula wins face-off versus Adam Cracknell in Wild zone.
18:54 of 3rd period - Valtteri Filppula is hit by Luke Schenn.
19:15 of 3rd period - Shot by Valtteri Filppula.
19:15 of 3rd period - Stopped by James Reimer with a rebound.
19:23 of 3rd period - Shot by Tyler Bozak.
19:23 of 3rd period - Shot Misses the Net.
19:29 of 3rd period - Shot by Valtteri Filppula.
19:29 of 3rd period - Stopped by James Reimer without a rebound.
19:30 of 3rd period - Brayden Schenn wins face-off versus Derick Brassard in Wild zone.
19:53 of 3rd period - Shot by Gustav Nyquist.
19:53 of 3rd period - Stopped by James Reimer without a rebound.
19:54 of 3rd period - Eric Staal wins face-off versus Christian Dvorak in Wild zone.
19:54 of 3rd period - Patrick Kane is hit by Christian Folin and loses puck.
Goals for this period are 0 for Senators vs 0 for Wild.
Shots for this period are 10 for Senators vs 3 for Wild.